 Dungeon Crawl Stone Soup version 0.31-a0-1576-ga3383bade6 (webtiles) character file.

Game seed: 4285973509184340084

92 Atlas the Ruffian (level 4, -4/43 (44) HPs)
             Began as a Troll Shapeshifter on Jan 4, 2024.
             Slain by Crazy Yiuf
             ... wielding a +2 quarterstaff of chaos
              (8 damage)
             ... on level 2 of the Dungeon.
             The game lasted 00:01:57 (1274 turns).

Atlas the Ruffian (Troll Shapeshifter)              Turns: 1274, Time: 00:01:58

HP:   -4/43 (44)    AC:  3    Str: 24    XL:     4   Next: 35%
MP:   3/3           EV: 10    Int:  6    God:
Gold: 96            SH:  0    Dex:  9    Spells: 3/3 levels left

rFire   . .          .
                       - Unarmed
rCold   . . .        (no shield)
rNeg    . . .        a - +0 animal skin
rPois   +            (helmet currently unavailable)
rElec   +            (cloak currently unavailable)
rCorr   .            (gloves unavailable)
SInv    .            (boots unavailable)
Will    .....        (no amulet)
Stlth   +            (no ring)
HPRegen 1.07/turn    (no ring)
MPRegen 0.08/turn

%: no passive effects
@: lethally poisoned (-4 -> -7), beast-form, lightly drained
A: beast (slay +2), large, unfitting armour, claws 3, regeneration 1, shaggy fur
1, tough skin 1, deformed body, poison resistance, robust 1, electricity
resistance
a: Begin Untransformation


You were on level 2 of the Dungeon.
You were a hulking beast.
You visited 1 branch of the dungeon, and saw 2 of its levels.

You collected 96 gold pieces.

Inventory:

Armour
 a - a +0 animal skin (worn)
Jewellery
 l - a ring of see invisible
Talismans
 c - a beast talisman (active)
 d - a flux talisman
Scrolls
 f - a scroll of identify {unknown}
 i - 2 scrolls of immolation {unknown}
 k - a scroll of blinking {unknown}
 m - a scroll of teleportation {unknown}
 n - a scroll of fog {unknown}
Potions
 b - a potion of lignification
 e - 2 potions of mutation
 g - a potion of resistance {unknown}
 h - 3 potions of brilliance {unknown}
 j - 3 potions of attraction {unknown}


   Skills:
 + Level 0.8 Fighting
 + Level 2.0 Dodging
 + Level 4.3 Unarmed Combat
 + Level 3.6 Shapeshifting


You had 3 spell levels left.
You didn't know any spells.
Your spell library was empty.

Dungeon Overview and Level Annotations

Branches:
Dungeon (2/15)

Altars:

Annotations:
D:2 Crazy Yiuf


Innate Abilities, Weirdness & Mutations

You are a hulking beast.
Your limbs bulge with bestial killing power. (Slay +2)
You are too large for most types of armour.
You have claws for hands.
Your natural rate of healing is unusually fast.
You are covered in fur. (AC +1)
You have tough skin. (AC +1)
Armour fits poorly on your strangely shaped body.
Your system is resistant to poisons. (rPois)
You are robust. (+10% HP)
You are resistant to electric shocks. (rElec)


Message History

You see here a +0 hammer.
You see here a +0 hammer.
You see here a +0 hammer.
Could not explore, unopened runed door.
Could not explore, unopened runed door.
No reachable target in view!
You open the door. You closely miss Crazy Yiuf.
Crazy Yiuf hits you with a +2 quarterstaff of chaos.
You are confused.
You are too confused!
You are too confused!
You are too confused!
You are too confused!
You are too confused!
You are too confused!
You are too confused!
You're too confused to move!
Crazy Yiuf hits you with a +2 quarterstaff of chaos!
You are poisoned.
You feel sick.
You see here a +0 hammer.
You bump into the tree.
You feel sick.
Crazy Yiuf hits you with a +2 quarterstaff of chaos!
You are more poisoned.
You bump into the tree.
You feel very sick.
Crazy Yiuf laughs, "Mugger!"
Crazy Yiuf hits you with a +2 quarterstaff of chaos!
* * * LOW HITPOINT WARNING * * *
You feel drained.
* * * LOW HITPOINT WARNING * * *
It was a potion of mutation.
You feel extremely strange.
You feel robust.
You feel resistant to poisons.
Your body twists and deforms.
You feel insulated.
You feel less confused.
* * * LOW HITPOINT WARNING * * *
You feel very sick.
Crazy Yiuf hits you with a +2 quarterstaff of chaos!
You die...

##...###.........##
#....# ##........##
#....# ##.......##
♣....♣ #.......##
♣)..♣♣ #.......##
♣♣)♣♣ #.<.....##
♣)♣♣ ######### ♣♣)♣
♣h♣♣ ♣♣g♣ #'# )))
#)))# #).)# #####


You could see Crazy Yiuf.

Vanquished Creatures
  Robin (D:2)
  2 adders (D:2)
  4 dart slugs (D:2)
  4 bats
  4 endoplasms
  A giant cockroach (D:2)
  10 goblins
  8 hobgoblins
  6 kobolds
  3 quokkas
  4 ball pythons
  3 frilled lizards (D:1)
  3 rats
53 creatures vanquished.

Notes
Turn   | Place    | Note
-------+----------+-------------------------------------------
     0 | D:1      | Atlas the Troll Shapeshifter began the quest for the Orb.
     0 | D:1      | Reached XP level 1. HP: 18/18 MP: 0/0
   137 | D:1      | Reached XP level 2. HP: 26/26 MP: 1/1
   683 | D:2      | Noticed Robin
   697 | D:2      | Reached XP level 3. HP: 28/32 MP: 2/2
   702 | D:2      | Killed Robin
   842 | D:2      | Reached skill level 4 in Unarmed Combat
   888 | D:2      | Found a runed translucent door.
   889 | D:2      | Noticed Crazy Yiuf
   957 | D:2      | Reached XP level 4. HP: 37/40 MP: 3/3
  1274 | D:2      | Gained mutation: You are robust. (+10% HP) [potion of
                  | mutation]
  1274 | D:2      | Gained mutation: Your system is resistant to poisons.
                  | (rPois) [potion of mutation]
  1274 | D:2      | Gained mutation: Armour fits poorly on your strangely
                  | shaped body. [potion of mutation]
  1274 | D:2      | Gained mutation: You are resistant to electric shocks.
                  | (rElec) [potion of mutation]
  1274 | D:2      | Slain by Crazy Yiuf

Illustrated notes

Levels and vault maps discovered:
D:1:      minmay_arrival_cross, layout_basic, serial_corexii_hall,
          chequers_hall_statues_corner_a, corexii_hall_statues_x
D:2:      layout_rooms, minmay_octomino_c4, uniq_crazy_yiuf_cottage, uniq_robin

Skill      XL: |  1  2  3  4 |
---------------+-------------+-----
Unarmed Combat | 4 |  4.3
Dodging        | 2 |  2.0
Fighting       | |  0.8
Shapeshifting  | |  3.6

Action                     |  1- 3 |  4- 6 || total
---------------------------+-------+-------++-------
  Melee: Unarmed           |    95 |    31 ||   126
         Punch             |     2 |       ||     2
    Use: Potion            |       |     1 ||     1
 Armour: Animal skin       |    56 |    34 ||    90
  Dodge: Dodged            |    35 |    27 ||    62
   Form: Beast             |     1 |       ||     1

Table legend: (Time is in decaauts)
 A = Elapsed time spent in this place.
 B = Non-inter-level travel time spent in this place.
 C = Inter-level travel time spent in this place.
 D = Time resting spent in this place.
 E = Time spent auto-exploring this place.
 F = Levels seen in this place.
 G = Mean time per level.
                   A        B        C        D        E       F      G
               +--------+--------+--------+--------+--------+-----+--------+
         Total |   1264 |   1218 |     46 |      0 |    971 |   2 |  632.0 |
       Dungeon |   1264 |   1218 |     46 |      0 |    971 |   2 |  632.0 |
               +--------+--------+--------+--------+--------+-----+--------+

Top non-repeatable levels by time:
     D:1: 671 daAuts
     D:2: 593 daAuts
